 Dungeon Crawl Stone Soup version 0.18.1-6-gd335043 (webtiles) character file.

76 mopl the Sneak (level 4, 0/31 HPs)
             Began as a Vampire Transmuter on May 16, 2016.
             Slain by an adder (4 damage)
             ... on level 3 of the Dungeon.
             The game lasted 00:03:41 (2947 turns).

mopl the Sneak (Vampire Transmuter)                 Turns: 2947, Time: 00:03:42

Health: 0/31       AC:  2    Str:  9    XL:     4   Next: 12%
Magic:  7/7        EV: 12    Int: 15    God:
Gold:   113        SH:  0    Dex: 15    Spells: 2 memorised, 4 levels left

rFire  . . .     SeeInvis +       - Unarmed
rCold  + . .     Gourm    .     b - +0 robe
rNeg   + + .     Faith    .     (no shield)
rPois  +         Spirit   .     (no helmet)
rElec  .         Dismiss  .     (no cloak)
rCorr  .         Reflect  .     (no gloves)
SustAt .         Harm     .     (no boots)
MR     .....                    (no amulet)
Stlth  ++++......               (no ring)
                                (no ring)

@: regenerating slowly, not resistant to hostile enchantments, stealthy
A: fangs 3, see invisible, unbreathing
a: Bat Form


You were on level 3 of the Dungeon.
You were very thirsty.

You visited 1 branch of the dungeon, and saw 4 of its levels.

You collected 113 gold pieces.

Inventory:

Hand Weapons
 e - a +0 short sword
 i - a +2 hand axe of venom
 j - a +0 whip
Missiles
 a - 54 arrows
 k - 3 tomahawks (quivered)
Armour
 b - a +0 robe (worn)
 o - a cursed +0 large shield
 r - a +2 leather armour of fire resistance
Scrolls
 f - 2 scrolls of fog
 h - 3 scrolls of remove curse
 p - a scroll of enchant armour {unknown}
Potions
 d - 4 potions of blood
 g - a potion of berserk rage {!q}
 l - a potion of degeneration {unknown}
 m - 3 potions of might {unknown}
 n - a potion of magic {unknown}
 q - a potion of haste {unknown}
Books
 c - a book of Changes

   Spells                             Type                      Level
   a - Beastly Appendage              Transmutation                1
   b - Sticks to Snakes               Transmutation                2
   c - Spider Form                    Transmutation/Poison         3
   d - Ice Form                       Ice/Transmutation            4
   e - Blade Hands                    Transmutation                5


   Skills:
 - Level 0.8 Fighting
 - Level 2.1 Dodging
 * Level 6.1 Stealth
 - Level 3.2 Unarmed Combat
 - Level 2.0 Spellcasting
 - Level 2.1 Transmutations


You had 4 spell levels left.
You knew the following spells:

 Your Spells              Type           Power        Failure   Level  Hunger
a - Beastly Appendage     Trmt           #.....       12%         1    #......
w - Sticks to Snakes      Trmt           #.......     14%         2    ###....


Dungeon Overview and Level Annotations

Branches:
Dungeon (4/15)
 Temple: D:4-7

Altars:
Trog
Vehumet


Innate Abilities, Weirdness & Mutations

You heal slowly.
You have razor-sharp teeth.
You have supernaturally acute eyesight.
You can survive without breathing.


Message History

The adder is almost dead.
The adder barely misses you. The adder closely misses you.
You miss the adder.
The adder is almost dead.
The adder bites you.
You miss the adder.
The adder is almost dead.
The adder bites you but does no damage.
You barely miss the adder. Your bite misses the adder.
The adder is almost dead.
The adder bites you.
* * * LOW HITPOINT WARNING * * *
You hit the adder but do no damage.
The adder is almost dead.
The adder bites you.
* * * LOW HITPOINT WARNING * * *
You hit the adder but do no damage.
The adder is almost dead.
The adder bites you.
You die...

#####...#...#..# #.
.........._....# #. #.#
#####..#...#..## #.
##.#######.###.###..#
#. ....(..>...#...#...#
#.
####.#######..........#
#. ..%..# ###.#..##..#
#. #..########.##....##
#.
#.....@S....##.#######.
#.############.......).
##########.# ########.#
#..)..รท....# #.#
#.################ #.#
##.## #.......# #[#
#...# #.#####.# #.#
....# #.# #.# #.# #...#
#.# #.# #.#


You could see an adder.

Vanquished Creatures
  A gnoll (D:1)
  An adder (D:3)
  2 oozes (D:1)
  An orc (D:3)
  5 bats
  5 goblins
  5 hobgoblins
  2 jackals (D:1)
  3 quokkas
  2 ball pythons
  5 giant newts
  7 kobolds
  A quokka skeleton (D:4)
  5 rats
45 creatures vanquished.

Notes
Turn   | Place    | Note
--------------------------------------------------------------
     0 | D:1      | mopl the Vampire Transmuter began the quest for the Orb.
     0 | D:1      | Reached XP level 1. HP: 14/14 MP: 3/3
    33 | D:1      | Reached skill level 2 in Stealth
   350 | D:1      | Reached XP level 2. HP: 20/20 MP: 5/5
   354 | D:1      | Learned a level 2 spell: Sticks to Snakes
   473 | D:1      | Reached skill level 3 in Stealth
   565 | D:1      | Reached skill level 4 in Stealth
   751 | D:1      | Reached XP level 3. HP: 19/25 MP: 6/6
  1586 | D:2      | Reached skill level 5 in Stealth
  2141 | D:2      | You fall through a shaft for 2 floors!
  2185 | D:3      | Found a radiant altar of Vehumet.
  2205 | D:3      | Became a worshipper of Vehumet
  2206 | D:3      | Fell from the grace of Vehumet
  2220 | D:3      | Found a bloodstained altar of Trog.
  2800 | D:3      | Reached skill level 6 in Stealth
  2800 | D:3      | Reached XP level 4. HP: 22/31 MP: 7/7
  2947 | D:3      | Slain by an adder

Skill      XL: |  1  2  3 |
---------------+----------+-----
Stealth        | 2 4 6 |  6.1
Fighting       | |  0.8
Dodging        | |  2.1
Unarmed Combat | |  3.2
Spellcasting   | |  2.0
Transmutations | |  2.1

Action                   |  1- 3 |  4- 6 || total
-------------------------+-------+-------++-------
Melee: Unarmed           |   149 |    22 ||   171
       Bite              |    14 |     1 ||    15
 Cast: Sticks to Snakes  |     1 |       ||     1
Invok: Renounce Religion |     1 |       ||     1
  Use: Scroll            |     4 |       ||     4
       Potion            |     1 |       ||     1
 Stab: Sleeping          |    18 |     1 ||    19
       Distracted        |     1 |       ||     1
Armor: Robe              |    24 |     3 ||    27
Dodge: Dodged            |    96 |    12 ||   108
